 Dungeon Crawl Stone Soup version 0.28-a0-563-gf77a47075d (webtiles) character file.

Game seed: 4521142363904575537

74 iamoutofideas the Magician (level 4, 0/24 HPs)
             Began as a Deep Elf Fire Elementalist on Sept 30, 2021.
             Killed by divine providence
             ... invoked by an orc priest
              (12 damage)
             ... on level 2 of the Dungeon.
             The game lasted 00:02:57 (2344 turns).

iamoutofideas the Magician (DEFE)                   Turns: 2344, Time: 00:02:58

Health: 0/24       AC:  3    Str:  5    XL:     4   Next: 9%
Magic:  4/12       EV: 13    Int: 21    God:
Gold:   105        SH:  0    Dex: 15    Spells: 10/11 levels left

rFire   . . .      SeeInvis .   (no weapon)
rCold   . . .      Faith    .   (no shield)
rNeg    . . .      Spirit   .   a - +0 robe
rPois   .          Reflect  .   (no helmet)
rElec   .          Harm     .   (no cloak)
rCorr   .          Rampage  .   (no gloves)
Will    .....                   b - +0 pair of boots
Stlth   ++........              (no amulet)
HPRegen 0.08/turn               (no ring)
MPRegen 0.13/turn               (no ring)

@: no status effects
A: no striking features
a: no special abilities


You were on level 2 of the Dungeon.
You visited 1 branch of the dungeon, and saw 2 of its levels.

You collected 105 gold pieces.

Inventory:

Armour
 a - a +0 robe (worn)
 b - a +0 pair of boots (worn)
Wands
 d - a wand of charming (2)
Scrolls
 c - 4 scrolls of identify
 g - 3 scrolls of enchant weapon {unknown}
 h - a scroll of blinking {unknown}


   Skills:
 + Level 2.8 Dodging
 + Level 2.5 Stealth
 * Level 4.4 Spellcasting
 + Level 1.7 Conjurations
 + Level 4.1 Fire Magic


You had 10 spell levels left.
You knew the following spells:

 Your Spells              Type           Power      Damage    Failure   Level
a - Foxfire               Conj/Fire      68%        2x1d7     3%          1

Your spell library contained the following spells:

 Spells                   Type           Power      Damage    Failure   Level
 Scorch                   Fire           44%        2d7       3%          2
 Conjure Flame            Conj/Fire      17%        6-21      11%         3
 Inner Flame              Hex/Fire       13%        N/A       14%         3
 Ozocubu's Armour         Ice            4%         N/A       34%         3
 Flame Wave               Conj/Fire      17%        3d5       34%         4
 Metabolic Englaciation   Hex/Ice        2%         N/A       97%         5
 Simulacrum               Ice/Necr       2%         N/A       100%        6


Dungeon Overview and Level Annotations

Branches:
Dungeon (2/15)

Altars:
Kikubaaqudgha


Message History

Your orc hits the orc priest with a +0 short sword.
You barely miss the orc priest.
The orc priest is moderately wounded.
The orc priest hits you but does no damage.
Your orc hits the orc priest but does no damage.
You barely miss the orc priest.
The orc priest is moderately wounded.
The orc priest hits you with a +0 dagger.
Your orc hits the orc priest with a +0 short sword.
You barely miss the orc priest.
The orc priest is severely wounded.
The orc priest hits you with a +0 dagger.
Your orc hits the orc priest with a +0 short sword.
You hit the orc priest but do no damage.
The orc priest is severely wounded.
The orc priest hits you with a +0 dagger.
Your orc hits the orc priest but does no damage.
You barely miss the orc priest.
The orc priest is severely wounded.
The orc priest closely misses you.
Your orc hits the orc priest but does no damage.
You hit the orc priest but do no damage.
The orc priest is severely wounded.
The orc priest casts a cantrip, but nothing happens.
Your orc hits the orc priest but does no damage.
You strike the helpless orc priest from behind!
You hit the orc priest but do no damage.
The orc priest is severely wounded.
The orc priest hits you with a +0 dagger.
Your orc hits the orc priest with a +0 short sword.
You closely miss the orc priest.
The orc priest is almost dead.
The orc priest barely misses you.
Your orc hits the orc priest but does no damage.
You hit the orc priest but do no damage.
The orc priest is almost dead.
The orc priest invokes the aid of Beogh against you.
Beogh smites you!
Ouch! That really hurt!
You die...

#.# #.###....####
#.# #............
#.# #####....####
#.#########.....####
#v..................
#§#############.####
#§#...........#.#...
#v#o####.# #.#.##
#§#@o..#.# #.#...
#.####.#o#.####.####
#.o....#.#..........
#.######.###########
#)..{o.o............
#########
###########.....###.
........# #.###'###.
........#########
#.#....##.
......).#.......#
##'#....###


You could see an orc priest (ally target) and a friendly orc (charmed).

Vanquished Creatures
  An orc wizard (D:2)
  An adder (D:2)
  2 dart slugs (D:1)
  3 bats
  2 endoplasms (D:1)
  4 giant cockroaches
  3 goblins
  4 hobgoblins
  3 quokkas
  5 ball pythons
  3 frilled lizards (D:1)
  5 rats
36 creatures vanquished.

Vanquished Creatures (others)
  111 foxfires
111 creatures vanquished.

Grand Total: 147 creatures vanquished

Notes
Turn   | Place    | Note
-------+----------+-------------------------------------------
     0 | D:1      | iamoutofideas the Deep Elf Fire Elementalist began the
                  | quest for the Orb.
     0 | D:1      | Reached XP level 1. HP: 10/10 MP: 6/6
   212 | D:1      | Reached XP level 2. HP: 15/15 MP: 6/8
   661 | D:1      | Found a faded altar of an unknown god.
  1447 | D:2      | Reached XP level 3. HP: 19/19 MP: 6/10
  2114 | D:2      | Found an ancient bone altar of Kikubaaqudgha.
  2314 | D:2      | Reached XP level 4. HP: 15/24 MP: 4/12
  2344 | D:2      | Killed from afar by an orc priest

Illustrated notes

Levels and vault maps discovered:
D:1:      mrwooster_arrival_statue, layout_basic,
          chequers_ecumenical_altar_simple
D:2:      layout_basic, basic_altar, roderic_lattice_a

Skill      XL: |  1  2  3 |
---------------+----------+-----
Fire Magic     | 4 |  4.1
Spellcasting   | 4 |  4.4
Dodging        | |  2.8
Stealth        | |  2.5
Conjurations   | |  1.7

Action                   |  1- 3 |  4- 6 || total
-------------------------+-------+-------++-------
Melee: Unarmed           |     2 |     9 ||    11
 Cast: Foxfire           |    71 |     4 ||    75
Evoke: Wand              |       |     4 ||     4
  Use: Scroll            |     1 |       ||     1
       Potion            |       |     2 ||     2
 Stab: Distracted        |       |     1 ||     1
Armor: Robe              |    10 |     2 ||    12
Dodge: Dodged            |    25 |     8 ||    33

Table legend: (Time is in decaauts)
 A = Elapsed time spent in this place.
 B = Non-inter-level travel time spent in this place.
 C = Inter-level travel time spent in this place.
 D = Time resting spent in this place.
 E = Time spent auto-exploring this place.
 F = Levels seen in this place.
 G = Mean time per level.
                   A        B        C        D        E       F      G
               +--------+--------+--------+--------+--------+-----+--------+
         Total |   2343 |   2319 |     24 |      0 |   1956 |   2 | 1171.5 |
       Dungeon |   2343 |   2319 |     24 |      0 |   1956 |   2 | 1171.5 |
               +--------+--------+--------+--------+--------+-----+--------+

Top non-repeatable levels by time:
     D:1: 1393 daAuts
     D:2: 950 daAuts
